[Event "Titled Tuesday Blitz June 27 Early 2023"]
[White "chess123456s"]
[Black "Dishman, Stephen"]
[BlackFideId "403024"]
[WhiteElo "2560"]
[BlackElo "2370"]
[Result "0-1"]
[Round "7"]
[TimeControl "180+2"]
[Date "2023.06.27"]
[WhiteClock "0:00:00"]
[BlackClock "0:01:50"]
[Board "116"]

1. d4 d5 2. Nc3 Nf6 3. Bf4 e6 4. Nb5 Bb4+ 5. c3 Ba5 6. a4 a6 7. b4 Nc6 8. bxa5 axb5 9. axb5 Nxa5 10. e3 Ne4 11. Qc2 Qe7 12. Bd3 Nd6 0-1


[Site "https://www.chess.com"]

[Event "Titled Tuesday Blitz June 27 Early 2023"]
[White "Sargsyan, Anna M."]
[Black "Davidson, Kevin"]
[WhiteFideId "13308130"]
[BlackFideId "2056810"]
[WhiteElo "2558"]
[BlackElo "2337"]
[Result "1/2-1/2"]
[Round "7"]
[TimeControl "180+2"]
[Date "2023.06.27"]
[WhiteClock "0:01:45"]
[BlackClock "0:01:28"]
[Board "118"]

1. d4 Nf6 2. c4 g6 3. g3 Bg7 4. Bg2 d6 5. Nc3 O-O 6. Nf3 Nbd7 7. O-O e5 8. e4 c6 9. h3 Qb6 10. Re1 exd4 11. Nxd4 Re8 12. Nc2 Nc5 13. Qxd6 Rd8 14. Qf4 Nd3 15. Qe3 1/2-1/2


[Site "https://www.chess.com"]

[Event "Titled Tuesday Blitz June 27 Early 2023"]
[White "Rodchenkov, Sergey D."]
[Black "EdmundPlayer"]
[WhiteFideId "4168712"]
[WhiteElo "2552"]
[BlackElo "2298"]
[Result "1/2-1/2"]
[Round "7"]
[TimeControl "180+2"]
[Date "2023.06.27"]
[WhiteClock "0:02:31"]
[BlackClock "0:00:29"]
[Board "119"]

1. e4 e5 2. Nf3 Nc6 3. Bc4 Bc5 4. O-O Nf6 5. d3 d6 6. Nbd2 a5 7. c3 O-O 8. h3 h6 9. Re1 Be6 10. Bb5 Na7 11. Ba4 1/2-1/2


[Site "https://www.chess.com"]

[Event "Titled Tuesday Blitz June 27 Early 2023"]
[White "Yaksin, Oleg"]
[Black "Zuriel, Marisa"]
[WhiteFideId "24105880"]
[BlackFideId "109142"]
[WhiteElo "2545"]
[BlackElo "2297"]
[Result "0-1"]
[Round "7"]
[TimeControl "180+2"]
[Date "2023.06.27"]
[WhiteClock "0:00:00"]
[BlackClock "0:02:35"]
[Board "120"]

1. d4 Nf6 2. c4 c5 3. d5 b5 4. cxb5 a6 5. bxa6 g6 6. Nc3 Bxa6 7. g3 d6 8. Bg2 Bg7 9. Nf3 O-O 10. O-O Nbd7 11. Re1 Qa5 12. Qc2 Rfb8 13. Bd2 Qc7 14. h3 Nb6 15. e4 Nc4 16. b3 Nxd2 17. Qxd2 Nd7 0-1


[Site "https://www.chess.com"]

[Event "Titled Tuesday Blitz June 27 Early 2023"]
[White "Rosh Jain"]
[Black "Chor, Kevin"]
[WhiteFideId "25789465"]
[BlackFideId "2090740"]
[WhiteElo "2297"]
[BlackElo "2543"]
[Result "1-0"]
[Round "7"]
[TimeControl "180+2"]
[Date "2023.06.27"]
[WhiteClock "0:02:20"]
[BlackClock "0:00:00"]
[Board "121"]

1. e4 c5 2. Nf3 Nc6 3. d4 cxd4 4. Nxd4 g6 5. Nc3 Bg7 6. Be3 Nf6 7. Bc4 O-O 8. O-O d6 9. f3 Bd7 10. Bb3 Na5 11. Qd2 Rc8 12. Qd3 1-0


[Site "https://www.chess.com"]

[Event "Titled Tuesday Blitz June 27 Early 2023"]
[White "Philippe, Guillaume"]
[Black "slidingknight2775"]
[WhiteFideId "36048763"]
[WhiteElo "2264"]
[BlackElo "2541"]
[Result "1-0"]
[Round "7"]
[TimeControl "180+2"]
[Date "2023.06.27"]
[WhiteClock "0:02:24"]
[BlackClock "0:00:00"]
[Board "122"]

1. e4 g6 2. d4 Bg7 3. Nc3 d6 4. f4 Nf6 5. Nf3 O-O 6. Be2 c5 7. d5 e6 8. O-O exd5 9. exd5 Re8 10. Nd2 a6 11. a4 Nbd7 12. Nc4 1-0


[Site "https://www.chess.com"]

[Event "Titled Tuesday Blitz June 27 Early 2023"]
[White "Marchesich, Giovanni"]
[Black "Lee, Qing Aun"]
[WhiteFideId "2824790"]
[BlackFideId "5804167"]
[WhiteElo "2275"]
[BlackElo "2623"]
[Result "1-0"]
[Round "7"]
[TimeControl "180+2"]
[Date "2023.06.27"]
[WhiteClock "0:02:20"]
[BlackClock "0:00:00"]
[Board "123"]

1. d4 e6 2. Nc3 f5 3. e4 fxe4 4. Nxe4 Nf6 5. Bg5 Be7 6. Bxf6 Bxf6 7. Nf3 b6 8. Bd3 Bb7 9. Qe2 Nc6 10. c3 Qe7 11. O-O-O O-O-O 12. g4 h6 13. h4 Qf7 14. Nxf6 Qxf6 15. Be4 Rhf8 16. Rh3 Kb8 17. g5 1-0


[Site "https://www.chess.com"]

[Event "Titled Tuesday Blitz June 27 Early 2023"]
[White "Molina Carretero, Daniel"]
[Black "Adla, Diego"]
[WhiteFideId "32071914"]
[BlackFideId "100072"]
[WhiteElo "2409"]
[BlackElo "2538"]
[Result "1/2-1/2"]
[Round "7"]
[TimeControl "180+2"]
[Date "2023.06.27"]
[WhiteClock "0:01:55"]
[BlackClock "0:01:13"]
[Board "125"]

1. c4 e6 2. Nf3 d5 3. b3 Be7 4. Bb2 Bf6 5. Bxf6 Nxf6 6. g3 c5 7. Bg2 Nc6 8. O-O O-O 9. cxd5 Nxd5 10. Nc3 b6 11. Nxd5 Qxd5 12. d4 1/2-1/2


[Site "https://www.chess.com"]

[Event "Titled Tuesday Blitz June 27 Early 2023"]
[White "Kuznetsov, Mikhail"]
[Black "Kuzmin, Roman"]
[WhiteFideId "4117190"]
[BlackFideId "44134932"]
[WhiteElo "2400"]
[BlackElo "2531"]
[Result "1/2-1/2"]
[Round "7"]
[TimeControl "180+2"]
[Date "2023.06.27"]
[WhiteClock "0:01:10"]
[BlackClock "0:02:29"]
[Board "126"]

1. d4 Nf6 2. Nf3 e6 3. g3 d5 4. Bg2 Be7 5. O-O O-O 6. c4 Nbd7 7. cxd5 exd5 8. Nc3 c6 9. Bf4 Re8 10. Ne5 Nxe5 11. Bxe5 Bf5 12. Bxf6 Bxf6 13. e3 a5 1/2-1/2


[Site "https://www.chess.com"]

[Event "Titled Tuesday Blitz June 27 Early 2023"]
[White "Glavina, Pablo"]
[Black "Droin, Augustin"]
[WhiteFideId "100234"]
[BlackFideId "45105987"]
[WhiteElo "2375"]
[BlackElo "2527"]
[Result "1/2-1/2"]
[Round "7"]
[TimeControl "180+2"]
[Date "2023.06.27"]
[WhiteClock "0:00:32"]
[BlackClock "0:02:40"]
[Board "127"]

1. c4 e5 2. Nc3 Nf6 3. Nf3 e4 4. Ng5 c6 5. Ngxe4 Nxe4 6. Nxe4 d5 7. cxd5 cxd5 8. Ng3 h5 9. h4 Bd6 10. e3 Bxg3 11. fxg3 Nc6 12. Bb5 Qd6 1/2-1/2


[Site "https://www.chess.com"]

[Event "Titled Tuesday Blitz June 27 Early 2023"]
[White "Liu, Casper"]
[Black "Fernandez Siles, Luis"]
[WhiteFideId "1454153"]
[BlackFideId "2209420"]
[WhiteElo "2516"]
[BlackElo "2366"]
[Result "1-0"]
[Round "7"]
[TimeControl "180+2"]
[Date "2023.06.27"]
[WhiteClock "0:02:46"]
[BlackClock "0:00:00"]
[Board "128"]

1. Nc3 g6 2. d4 d5 3. e4 dxe4 4. Nxe4 Bg7 5. c3 Nd7 6. Nf3 Ngf6 7. Bd3 Nxe4 8. Bxe4 c6 9. Bf4 O-O 10. Qd2 Qa5 11. O-O e5 12. Be3 exd4 13. Bxd4 Nf6 14. Bc2 Bf5 15. Bb3 Be4 16. Ng5 Bd5 17. Bxf6 1-0


[Site "https://www.chess.com"]

[Event "Titled Tuesday Blitz June 27 Early 2023"]
[White "Tarasova, Viktoriya"]
[Black "Yelisieiev, Yevhenii"]
[WhiteFideId "4175840"]
[BlackFideId "14139642"]
[WhiteElo "2365"]
[BlackElo "2516"]
[Result "1/2-1/2"]
[Round "7"]
[TimeControl "180+2"]
[Date "2023.06.27"]
[WhiteClock "0:00:47"]
[BlackClock "0:02:32"]
[Board "129"]

1. d4 d6 2. c4 Nf6 3. Nc3 e5 4. Nf3 Nbd7 5. e4 Be7 6. Be2 O-O 7. O-O c6 8. h3 a6 9. a4 a5 10. Be3 Qc7 11. Qd2 Nb8 12. Rfd1 Na6 13. Rac1 Re8 14. Bf1 Nd7 1/2-1/2


[Site "https://www.chess.com"]

[Event "Titled Tuesday Blitz June 27 Early 2023"]
[White "Gamayev, Oleg"]
[Black "Romero Ruscalleda, Josep"]
[WhiteFideId "2802813"]
[BlackFideId "2231859"]
[WhiteElo "2507"]
[BlackElo "2358"]
[Result "1/2-1/2"]
[Round "7"]
[TimeControl "180+2"]
[Date "2023.06.27"]
[WhiteClock "0:01:48"]
[BlackClock "0:01:39"]
[Board "131"]

1. d3 g6 2. e4 Bg7 3. Nf3 d6 4. c3 c5 5. a4 Nc6 6. h3 e5 7. Be2 Nge7 8. O-O O-O 9. Nbd2 f5 10. Re1 f4 11. b4 cxb4 12. cxb4 h6 13. b5 Na5 14. Ba3 Kh7 15. Rc1 Be6 16. Bb2 g5 17. d4 Ng6 1/2-1/2


[Site "https://www.chess.com"]

[Event "Titled Tuesday Blitz June 27 Early 2023"]
[White "Shubenkova, Veronika"]
[Black "Rosenberg, Evan S"]
[WhiteFideId "44124040"]
[BlackFideId "2019299"]
[WhiteElo "2507"]
[BlackElo "2347"]
[Result "1/2-1/2"]
[Round "7"]
[TimeControl "180+2"]
[Date "2023.06.27"]
[WhiteClock "0:02:46"]
[BlackClock "0:00:32"]
[Board "132"]

1. e4 c5 2. Nc3 g6 3. g3 Bg7 4. Bg2 Nc6 5. d3 d6 6. f4 e6 7. Nf3 Nge7 8. Rb1 O-O 9. Ne2 b5 10. O-O b4 11. Be3 Rb8 12. h3 a5 13. g4 a4 14. b3 Ba6 15. Ng3 Nd4 16. Nxd4 cxd4 17. Bd2 d5 18. f5 1/2-1/2


[Site "https://www.chess.com"]

[Event "Titled Tuesday Blitz June 27 Early 2023"]
[White "Mikhaylova, Irina"]
[Black "Erzhanov, Arman"]
[WhiteFideId "4109040"]
[BlackFideId "4138821"]
[WhiteElo "2310"]
[BlackElo "2498"]
[Result "1-0"]
[Round "7"]
[TimeControl "180+2"]
[Date "2023.06.27"]
[WhiteClock "0:01:52"]
[BlackClock "0:00:00"]
[Board "134"]

1. d4 d6 2. Nf3 g6 3. c4 Bg7 4. Nc3 e5 5. e4 Bg4 6. d5 h5 7. Be2 Nd7 8. Be3 a5 9. a3 Bh6 10. Bxh6 Nxh6 11. b4 b6 12. h3 axb4 13. axb4 Bxf3 14. Bxf3 O-O 15. O-O 1-0


[Site "https://www.chess.com"]

[Event "Titled Tuesday Blitz June 27 Early 2023"]
[White "Balint, Vilmos"]
[Black "Koutsin, Sergey"]
[WhiteFideId "718050"]
[BlackFideId "14101483"]
[WhiteElo "2237"]
[BlackElo "2488"]
[Result "1/2-1/2"]
[Round "7"]
[TimeControl "180+2"]
[Date "2023.06.27"]
[WhiteClock "0:00:55"]
[BlackClock "0:02:17"]
[Board "137"]

1. d4 Nf6 2. Nc3 e6 3. e4 d5 4. exd5 exd5 5. Bd3 c5 6. dxc5 Bxc5 7. Nf3 O-O 8. O-O Bg4 9. Bg5 Nc6 10. Bxf6 Qxf6 11. Nxd5 Qxb2 12. Rb1 Qxa2 13. Rxb7 Nd4 14. Be4 Rad8 1/2-1/2


[Site "https://www.chess.com"]

[Event "Titled Tuesday Blitz June 27 Early 2023"]
[White "Ruge, Edison"]
[Black "Andreev, Konstantin"]
[WhiteFideId "4401000"]
[BlackFideId "24239305"]
[WhiteElo "2220"]
[BlackElo "2438"]
[Result "1/2-1/2"]
[Round "7"]
[TimeControl "180+2"]
[Date "2023.06.27"]
[WhiteClock "0:01:18"]
[BlackClock "0:01:58"]
[Board "139"]

1. e4 c5 2. Nf3 e6 3. d3 g6 4. Nbd2 Bg7 5. g3 Nc6 6. Bg2 Nge7 7. h4 h5 8. O-O O-O 9. c3 d6 10. Qe2 b6 11. Ng5 Rb8 12. f4 Qc7 13. Bh3 f5 1/2-1/2


[Site "https://www.chess.com"]

[Event "Titled Tuesday Blitz June 27 Early 2023"]
[White "Gyulamiryan-koryun"]
[Black "LeoLV10"]
[WhiteElo "2040"]
[BlackElo "2419"]
[Result "1/2-1/2"]
[Round "7"]
[TimeControl "180+2"]
[Date "2023.06.27"]
[WhiteClock "0:02:12"]
[BlackClock "0:01:01"]
[Board "140"]

1. d4 Nf6 2. c4 e6 3. Nf3 b6 4. g3 Bb7 5. Bg2 Be7 6. O-O O-O 7. Nc3 d5 8. Ne5 Nbd7 9. Qa4 c6 10. Nxc6 Bxc6 11. Qxc6 Rc8 12. Qa4 Rxc4 13. Qxa7 1/2-1/2


[Site "https://www.chess.com"]

[Event "Titled Tuesday Blitz June 27 Early 2023"]
[White "Kopczynski, Michal"]
[Black "Howell, David W L"]
[WhiteFideId "1124200"]
[BlackFideId "410608"]
[WhiteElo "2405"]
[BlackElo "3006"]
[Result "1/2-1/2"]
[Round "7"]
[TimeControl "180+2"]
[Date "2023.06.27"]
[WhiteClock "0:01:19"]
[BlackClock "0:01:46"]
[Board "141"]

1. e4 e6 2. d4 d5 3. Nc3 Bb4 4. e5 b6 5. f4 Qd7 6. Nf3 Ba6 7. Bxa6 Nxa6 8. Qe2 Nb8 9. f5 exf5 10. O-O Nc6 11. Be3 Bxc3 1/2-1/2


[Site "https://www.chess.com"]

[Event "Titled Tuesday Blitz June 27 Early 2023"]
[White "Miladinovic, Igor"]
[Black "Large, Peter G"]
[WhiteFideId "4203380"]
[BlackFideId "400866"]
[WhiteElo "2861"]
[BlackElo "2417"]
[Result "1-0"]
[Round "7"]
[TimeControl "180+2"]
[Date "2023.06.27"]
[WhiteClock "0:02:37"]
[BlackClock "0:00:00"]
[Board "142"]

1. d4 e6 2. e4 d5 3. Nc3 Bb4 4. a3 Bxc3+ 5. bxc3 Ne7 6. Bd3 b6 7. Ne2 Ba6 8. Ng3 O-O 9. h4 Bxd3 10. cxd3 Nd7 11. h5 c5 12. h6 1-0


[Site "https://www.chess.com"]

[Event "Titled Tuesday Blitz June 27 Early 2023"]
[White "BenchGM"]
[Black "Mayank Chakraborty"]
[BlackFideId "25659766"]
[WhiteElo "2401"]
[BlackElo "2808"]
[Result "0-1"]
[Round "7"]
[TimeControl "180+2"]
[Date "2023.06.27"]
[WhiteClock "0:00:00"]
[BlackClock "0:00:04"]
[Board "143"]

1. e4 c5 2. Nf3 d6 3. d4 cxd4 4. Nxd4 Nf6 5. Nc3 a6 6. f3 e5 7. Nb3 Be7 8. Be3 Be6 9. Qd2 O-O 10. O-O-O Nbd7 11. g4 b5 12. g5 b4 13. gxf6 bxc3 14. Qxc3 Nxf6 15. Na5 Qd7 16. Nc6 Rfc8 17. Nxe7+ Qxe7 18. Qa3 Qc7 19. Bd3 d5 20. Rhg1 dxe4 21. fxe4 Ng4 22. Bg5 Qc5 23. Qxc5 Rxc5 24. Rd2 h6 25. Bh4 g5 26. Bg3 a5 27. h3 Nf6 28. a3 Nh5 29. Bh2 Bxh3 30. Rf2 Be6 31. Be2 Nf4 32. Bxf4 exf4 33. Rxf4 Rac8 34. Bd3 Kg7 35. Rf2 Rd8 36. Kd2 a4 37. Ke3 Rb8 38. Rb1 Ba2 39. Ra1 Rxb2 40. c4 Rxf2 41. Kxf2 Bb3 42. Rc1 Kf6 43. Ke3 Ke5 44. Rf1 Ke6 45. Kd4 Rc7 46. c5 f6 47. Bb5 Ke7 48. c6 h5 49. Kc5 h4 50. Kb6 Rc8 51. c7 Be6 52. Ba6 Rh8 53. Rc1 h3 54. c8=Q Bxc8 55. Bxc8 h2 0-1


[Site "https://www.chess.com"]

[Event "Titled Tuesday Blitz June 27 Early 2023"]
[White "Hoffmann, Asa"]
[Black "Aldokhin, Ivan"]
[WhiteFideId "2001470"]
[BlackFideId "24115720"]
[WhiteElo "2396"]
[BlackElo "2600"]
[Result "1/2-1/2"]
[Round "7"]
[TimeControl "180+2"]
[Date "2023.06.27"]
[WhiteClock "0:02:19"]
[BlackClock "0:00:46"]
[Board "144"]

1. d4 Nf6 2. Bg5 e6 3. Nd2 h6 4. Bh4 Nc6 5. e3 d6 6. Bd3 g5 7. Bg3 Qe7 8. c3 Bg7 9. Ne2 Bd7 10. b4 Qf8 11. Qb3 1/2-1/2


[Site "https://www.chess.com"]

[Event "Titled Tuesday Blitz June 27 Early 2023"]
[White "Pinto, Daniel"]
[Black "Orlov, Georgi"]
[WhiteFideId "3303144"]
[BlackFideId "2011271"]
[WhiteElo "2395"]
[BlackElo "2580"]
[Result "1/2-1/2"]
[Round "7"]
[TimeControl "180+2"]
[Date "2023.06.27"]
[WhiteClock "0:00:11"]
[BlackClock "0:02:27"]
[Board "145"]

1. e4 e6 2. d4 d5 3. Nd2 Be7 4. Ngf3 Nf6 5. Bd3 Nfd7 6. c4 dxe4 7. Nxe4 b6 8. O-O Bb7 9. b3 O-O 10. Bb2 a5 11. a3 Na6 1/2-1/2


[Site "https://www.chess.com"]

[Event "Titled Tuesday Blitz June 27 Early 2023"]
[White "Topalov, Aleksandar"]
[Black "O`Gorman, Tom"]
[WhiteFideId "925659"]
[BlackFideId "2508249"]
[WhiteElo "2393"]
[BlackElo "2569"]
[Result "1-0"]
[Round "7"]
[TimeControl "180+2"]
[Date "2023.06.27"]
[WhiteClock "0:02:03"]
[BlackClock "0:00:00"]
[Board "146"]

1. b3 c5 2. Bb2 Nc6 3. Nf3 e6 4. c4 Nf6 5. e3 Be7 6. Be2 O-O 7. O-O b6 8. Nc3 Bb7 9. d4 cxd4 10. Nxd4 Nxd4 11. Qxd4 d6 12. Bf3 Qc7 13. Nb5 Qd7 14. Bxb7 Qxb7 15. Nxd6 Qc6 16. Nb5 1-0


[Site "https://www.chess.com"]

[Event "Titled Tuesday Blitz June 27 Early 2023"]
[White "Pinheiro, Iung Alicio de O."]
[Black "Buscar, Michael"]
[WhiteFideId "2104350"]
[BlackFideId "2603616"]
[WhiteElo "2561"]
[BlackElo "2393"]
[Result "1/2-1/2"]
[Round "7"]
[TimeControl "180+2"]
[Date "2023.06.27"]
[WhiteClock "0:00:41"]
[BlackClock "0:02:17"]
[Board "147"]

1. d4 d5 2. c4 e6 3. Nc3 Nf6 4. cxd5 exd5 5. Bg5 c6 6. e3 Be7 7. Bd3 O-O 8. Qc2 Na6 9. Bxf6 Bxf6 10. Bxh7+ Kh8 1/2-1/2


[Site "https://www.chess.com"]

[Event "Titled Tuesday Blitz June 27 Early 2023"]
[White "Sharma, Dinesh K."]
[Black "FuenfgegenWilly"]
[WhiteFideId "5004110"]
[WhiteElo "2561"]
[BlackElo "2388"]
[Result "1/2-1/2"]
[Round "7"]
[TimeControl "180+2"]
[Date "2023.06.27"]
[WhiteClock "0:02:28"]
[BlackClock "0:01:02"]
[Board "148"]

1. e4 e5 2. Nf3 Nc6 3. Bb5 a6 4. Bxc6 dxc6 5. O-O Bg4 6. h3 h5 7. d3 Qf6 8. Be3 Bxf3 9. Qxf3 Qxf3 10. gxf3 f6 11. f4 exf4 12. Bxf4 Bd6 13. Be3 Ne7 14. Nd2 Ng6 15. f4 O-O-O 16. Kg2 Nh4+ 17. Kg1 Rhg8 18. Nc4 1/2-1/2


[Site "https://www.chess.com"]

[Event "Titled Tuesday Blitz June 27 Early 2023"]
[White "kuanysh1981"]
[Black "Bogaudinov, Rushan"]
[BlackFideId "4129288"]
[WhiteElo "2523"]
[BlackElo "2353"]
[Result "1/2-1/2"]
[Round "7"]
[TimeControl "180+2"]
[Date "2023.06.27"]
[WhiteClock "0:00:59"]
[BlackClock "0:02:39"]
[Board "152"]

1. e4 a6 2. a4 e6 3. d4 d5 4. Bd3 c5 5. exd5 cxd4 6. Nf3 Qxd5 7. O-O Nc6 8. Nbd2 Nf6 9. Nc4 Qd8 10. a5 Be7 1/2-1/2


[Site "https://www.chess.com"]

[Event "Titled Tuesday Blitz June 27 Early 2023"]
[White "Estrada Nieto, Julian"]
[Black "Sovetbekova, Nurai"]
[WhiteFideId "5101018"]
[BlackFideId "13801910"]
[WhiteElo "2496"]
[BlackElo "2351"]
[Result "1/2-1/2"]
[Round "7"]
[TimeControl "180+2"]
[Date "2023.06.27"]
[WhiteClock "0:01:10"]
[BlackClock "0:01:50"]
[Board "153"]

1. e4 c5 2. Nf3 Nc6 3. Bb5 e5 4. O-O Bd6 5. c3 a6 6. Bxc6 dxc6 7. d4 exd4 8. cxd4 cxd4 9. Qxd4 f6 10. Rd1 Bc7 1/2-1/2


[Site "https://www.chess.com"]

[Event "Titled Tuesday Blitz June 27 Early 2023"]
[White "Nithyalakshmi, Sivanesan"]
[Black "Eynullayev, Altay"]
[WhiteFideId "5706955"]
[BlackFideId "13413562"]
[WhiteElo "2341"]
[BlackElo "2473"]
[Result "1-0"]
[Round "7"]
[TimeControl "180+2"]
[Date "2023.06.27"]
[WhiteClock "0:01:08"]
[BlackClock "0:00:30"]
[Board "155"]

1. e4 c5 2. Nc3 d6 3. f4 g6 4. Nf3 Bg7 5. Bc4 Nc6 6. d3 e6 7. O-O Nge7 8. Qe1 O-O 9. Qh4 Nd4 10. f5 gxf5 11. Ng5 h6 12. Nh3 Ng6 13. Qh5 Qh4 14. Qd1 Bd7 15. Bd2 b5 16. Be1 Qe7 17. Bb3 b4 18. Ne2 fxe4 19. Nef4 e3 20. Qh5 Qh4 21. Bxh4 1-0


[Site "https://www.chess.com"]

[Event "Titled Tuesday Blitz June 27 Early 2023"]
[White "Adireddy Arjun"]
[Black "Alvarado Diaz, Alejandro"]
[WhiteFideId "25647709"]
[BlackFideId "2276119"]
[WhiteElo "2335"]
[BlackElo "2471"]
[Result "0-1"]
[Round "7"]
[TimeControl "180+2"]
[Date "2023.06.27"]
[WhiteClock "0:00:00"]
[BlackClock "0:01:57"]
[Board "156"]

1. e4 c6 2. d4 d5 3. Nc3 dxe4 4. Nxe4 Bf5 5. Ng3 Bg6 6. h4 h6 7. Nf3 Nf6 8. h5 Bh7 9. Bd3 Bxd3 10. Qxd3 e6 11. Bd2 c5 12. O-O-O Nc6 13. Be3 Qa5 14. Kb1 O-O-O 0-1


[Site "https://www.chess.com"]

[Event "Titled Tuesday Blitz June 27 Early 2023"]
[White "Wang, Alexander J"]
[Black "Mazurkiewicz, Michal"]
[WhiteFideId "30955270"]
[BlackFideId "1124943"]
[WhiteElo "2314"]
[BlackElo "2456"]
[Result "1/2-1/2"]
[Round "7"]
[TimeControl "180+2"]
[Date "2023.06.27"]
[WhiteClock "0:01:47"]
[BlackClock "0:01:27"]
[Board "158"]

1. e4 d6 2. d4 Nf6 3. Nc3 c6 4. Nf3 Bg4 5. Be2 e6 6. h3 Bh5 7. O-O d5 8. Bg5 Be7 9. e5 Nfd7 10. Bxe7 Qxe7 11. Nd2 Bg6 12. f4 c5 13. Nf3 Nc6 14. Kh1 1/2-1/2


[Site "https://www.chess.com"]

[Event "Titled Tuesday Blitz June 27 Early 2023"]
[White "Bueno, Alfeu Junior Varela"]
[Black "Corredor Castellanos, Camilo"]
[WhiteFideId "2108879"]
[BlackFideId "4425871"]
[WhiteElo "2312"]
[BlackElo "2454"]
[Result "1/2-1/2"]
[Round "7"]
[TimeControl "180+2"]
[Date "2023.06.27"]
[WhiteClock "0:02:17"]
[BlackClock "0:00:54"]
[Board "159"]

1. e4 e5 2. Nc3 Nc6 3. Bc4 Nf6 4. d3 Na5 5. Bb3 Nxb3 6. axb3 Be7 7. f4 d6 8. Nf3 O-O 9. fxe5 dxe5 10. Nxe5 Bc5 11. Nf3 Re8 12. Bg5 h6 13. Bh4 1/2-1/2


[Site "https://www.chess.com"]

[Event "Titled Tuesday Blitz June 27 Early 2023"]
[White "Eidelman, Gabriel"]
[Black "Blokhin, Sofia"]
[WhiteFideId "30910544"]
[BlackFideId "4508190"]
[WhiteElo "2443"]
[BlackElo "2306"]
[Result "0-1"]
[Round "7"]
[TimeControl "180+2"]
[Date "2023.06.27"]
[WhiteClock "0:00:00"]
[BlackClock "0:01:47"]
[Board "161"]

1. Nf3 g6 2. c4 Bg7 3. d4 f5 4. Nc3 Nf6 5. g3 O-O 6. Bg2 d6 7. O-O Nc6 8. Re1 e5 9. d5 Ne7 10. e4 fxe4 11. Ng5 Nf5 12. Ngxe4 Nd4 0-1


[Site "https://www.chess.com"]

[Event "Titled Tuesday Blitz June 27 Early 2023"]
[White "Sarkar, Justin"]
[Black "Rios Escobar, Adan"]
[WhiteFideId "2010011"]
[BlackFideId "3403645"]
[WhiteElo "2277"]
[BlackElo "2439"]
[Result "1/2-1/2"]
[Round "7"]
[TimeControl "180+2"]
[Date "2023.06.27"]
[WhiteClock "0:00:47"]
[BlackClock "0:02:15"]
[Board "162"]

1. e4 c5 2. Nf3 d6 3. d4 cxd4 4. Nxd4 Nf6 5. Nc3 a6 6. Be3 e5 7. Nb3 Be7 8. Qd2 Ng4 9. Nd5 Nxe3 10. Qxe3 Be6 11. Nb6 Bg5 12. Qg3 Qxb6 1/2-1/2


[Site "https://www.chess.com"]

[Event "Titled Tuesday Blitz June 27 Early 2023"]
[White "Lacasa Diaz, Jose Antonio"]
[Black "Li, Eric"]
[WhiteFideId "2203375"]
[BlackFideId "30939941"]
[WhiteElo "2429"]
[BlackElo "2250"]
[Result "1-0"]
[Round "7"]
[TimeControl "180+2"]
[Date "2023.06.27"]
[WhiteClock "0:02:30"]
[BlackClock "0:00:00"]
[Board "163"]

1. e4 c5 2. Nf3 Nc6 3. Bb5 d6 4. Bxc6+ bxc6 5. e5 dxe5 6. Nxe5 Qd5 7. Nf3 Qe4+ 8. Qe2 Qxe2+ 9. Kxe2 f6 10. d3 e5 11. Nbd2 Ne7 12. b3 1-0


[Site "https://www.chess.com"]

[Event "Titled Tuesday Blitz June 27 Early 2023"]
[White "KSho99"]
[Black "KorolDimitriy75"]
[WhiteElo "2217"]
[BlackElo "2428"]
[Result "1/2-1/2"]
[Round "7"]
[TimeControl "180+2"]
[Date "2023.06.27"]
[WhiteClock "0:02:13"]
[BlackClock "0:01:14"]
[Board "164"]

1. d4 Nf6 2. Nc3 d5 3. Bf4 g6 4. e3 Bg7 5. h4 h5 6. Nf3 O-O 7. Ne5 c5 8. dxc5 Qa5 9. Nd3 Ne4 10. Be2 Nxc3 11. bxc3 1/2-1/2


[Site "https://www.chess.com"]

[Event "Titled Tuesday Blitz June 27 Early 2023"]
[White "Herman, Daniel"]
[Black "Nilssen, Ellen Fredericia"]
[WhiteFideId "30935008"]
[BlackFideId "1441230"]
[WhiteElo "2427"]
[BlackElo "2222"]
[Result "1/2-1/2"]
[Round "7"]
[TimeControl "180+2"]
[Date "2023.06.27"]
[WhiteClock "0:00:44"]
[BlackClock "0:02:26"]
[Board "165"]

1. Nf3 d5 2. c4 c6 3. e3 Nf6 4. b3 g6 5. Bb2 Bg7 6. Be2 O-O 7. O-O Re8 8. d4 Ne4 9. Nbd2 Nxd2 10. Qxd2 Nd7 11. cxd5 cxd5 12. Rac1 Nf6 13. Ba3 Ne4 1/2-1/2


[Site "https://www.chess.com"]

[Event "Titled Tuesday Blitz June 27 Early 2023"]
[White "Ishowmoves57"]
[Black "Vifleemskaia, Svetlana"]
[BlackFideId "4129490"]
[WhiteElo "2094"]
[BlackElo "2326"]
[Result "0-1"]
[Round "7"]
[TimeControl "180+2"]
[Date "2023.06.27"]
[WhiteClock "0:00:00"]
[BlackClock "0:01:54"]
[Board "167"]

1. e4 e5 2. Nf3 Nc6 3. Nc3 Nf6 4. d4 exd4 5. Nxd4 Bb4 6. Nxc6 bxc6 7. Bd3 d5 8. exd5 Qe7+ 9. Be3 Nxd5 10. Qd2 O-O 11. O-O Qf6 0-1


[Site "https://www.chess.com"]